 Dungeon Crawl Stone Soup version 0.30-b1-5-g8e6c1be481 (webtiles) character file.

Game seed: 5156101594023796408

77 wadad the Trooper (level 4, 0/40 HPs)
             Began as a Draconian Fighter on May 3, 2023.
             Was a Follower of Okawaru.
             Succumbed to an adder's poison
             ... in a sewer.
             The game lasted 00:12:41 (1870 turns).

wadad the Trooper (Draconian Fighter)               Turns: 1870, Time: 00:12:41

Health: 0/40       AC:  6    Str: 20    XL:     4   Next: 14%
Magic:  4/4        EV: 13    Int:  8    God:    Okawaru [*.....]
Gold:   144        SH:  5    Dex: 17    Spells: 3/3 levels left

rFire   . . .        a - +0 long sword
rCold   . . .        b - +0 buckler
rNeg    . . .        (body armour unavailable)
rPois   .            (helmet restricted)
rElec   .            (no cloak)
rCorr   .            d - +0 pair of gloves
SInv    .            (no boots)
Will    .....        (no amulet)
Stlth   ++           v - +6 ring of dexterity
HPRegen 0.26/turn    (no ring)
MPRegen 0.09/turn

%: no passive effects
@: lethally poisoned (0 -> -10)
A: AC +5, unfitting armour, cold-blooded
a: Renounce Religion, Heroism


You were in a sewer.
You worshipped Okawaru.
Okawaru was aware of your devotion.
You visited 1 branch of the dungeon, and saw 3 of its levels.
You also visited: Sewer.

You collected 144 gold pieces.

Inventory:

Hand Weapons
 a - a +0 long sword (weapon)
Missiles
 n - 4 poisoned darts (quivered)
 q - 12 stones
Armour
 b - a +0 buckler (worn)
 d - a +0 pair of gloves (worn)
 i - a +0 barding
Magical Staves
 k - a staff of poison
Jewellery
 t - an amulet of magic regeneration
 v - a +6 ring of dexterity (left hand)
Scrolls
 u - 2 scrolls of fog
Potions
 c - a potion of might
 h - a potion of magic
 s - a potion of haste


   Skills:
 + Level 3.9 Fighting
 + Level 3.0 Long Blades
 + Level 3.2 Dodging
 + Level 0.4 Stealth
 + Level 3.3 Shields


You had 3 spell levels left.
You didn't know any spells.
Your spell library was empty.

Dungeon Overview and Level Annotations

Branches:
Dungeon (3/15)              Sewer (1/1)

Altars:
Ashenzari
Okawaru
Xom

Shops:
D:3 (


Innate Abilities, Weirdness & Mutations

Your plain brown scales are hard. (AC +5)
You cannot fit into any form of body armour.
You are cold-blooded and may be slowed by cold attacks.


Message History

You feel sick. The adder barely misses you. The adder misses you.
The giant cockroach splashes around in the water.
The adder bites you.
You are more poisoned.
The adder poisons you! The adder closely misses you.
The giant cockroach attacks as you move away!
The giant cockroach splashes around in the water.
The adder attacks as you move away! You block the adder's attack.
You feel very sick. The adder bites you but does no damage.
The adder bites you.
You are more poisoned.
The adder poisons you! The giant cockroach bites you.
The giant cockroach attacks as you move away!
The giant cockroach bites you but does no damage.
The adder attacks as you move away! The adder bites you but does no damage.
The adder attacks as you move away! The adder bites you but does no damage.
You feel very sick.
The giant cockroach waves its antennae.
The adder bites you.
You are lethally poisoned!
The adder poisons you! You block the adder's attack. x2
The giant cockroach bites you but does no damage.
The adder closely misses you.
You closely miss the adder.
* * * LOW HITPOINT WARNING * * *
You feel very sick. You block the adder's attack. The adder bites you.
* * * LOW HITPOINT WARNING * * *
You are more poisoned.
The adder poisons you! The giant cockroach barely misses you.
The adder attacks as you move away! The adder misses you.
* * * LOW HITPOINT WARNING * * *
You feel very sick. The adder closely misses you.
The giant cockroach barely misses you.
The adder bites you but does no damage. x2
The giant cockroach closely misses you. The adder misses you.
You slash the giant cockroach!
You kill the giant cockroach!
Okawaru accepts your kill.
You die...

#.~~##.~≈~.#
#..~##.~≈~.# #≈
#~~~##.~≈~.#≈≈≈
#.~.##.~≈~.#≈≈≈
##~###.~≈~.~≈~≈
#.# #.†≈~.≈~≈≈
#.# #.~≈~.≈≈≈≈
#∩# #.~≈~.≈≈≈≈
#.# #@S≈B~≈≈≈≈
#∩# #†S≈r~≈≈≈.
#.# #l~≈~≈≈≈≈~
### #.~≈≈~≈≈B.
#.~≈~≈~≈B~
#.~≈~≈~≈~~
#.~≈≈~≈≈~~
#.~≈≈~≈≈≈~
#.~≈≈~≈≈≈≈


You could see 2 adders, a quokka, 3 giant cockroaches and a frilled lizard.

Vanquished Creatures
  2 adders
  A dart slug (D:3)
  An orc (D:3)
  9 ball pythons
  5 endoplasms
  6 giant cockroaches
  4 goblins
  2 hobgoblins
  2 jackals (D:1)
  4 kobolds
  5 quokkas
  6 bats
  3 frilled lizards (Sewer)
  3 rats
53 creatures vanquished.

Notes
Turn   | Place    | Note
-------+----------+-------------------------------------------
     0 | D:1      | wadad the Draconian Fighter began the quest for the Orb.
     0 | D:1      | Reached XP level 1. HP: 19/19 MP: 1/1
   120 | D:1      | Reached XP level 2. HP: 20/26 MP: 2/2
   542 | D:2      | Found a faded altar of an unknown god.
   554 | D:2      | Prayed at the altar of an unknown god.
   554 | D:2      | Became a worshipper of Warmaster Okawaru
   554 | D:2      | Reached * piety under Okawaru
   704 | D:2      | Reached XP level 3. HP: 32/33 MP: 3/3
  1166 | D:3      | Found a shimmering altar of Xom.
  1176 | D:3      | Found Doxaoc's Antique Weapon Shop.
  1562 | D:3      | Found a broken altar of Ashenzari.
  1708 | D:3      | Reached XP level 4. HP: 40/40 MP: 4/4
  1765 | D:3      | Found a glowing drain.
  1779 | Sewer    | Entered a sewer
  1869 | Sewer    | HP: 2/40 [poisoned by an adder]
  1870 | Sewer    | Succumbed to an adder's poison

Illustrated notes

Levels and vault maps discovered:
D:1:      co_arrival_square_in_a_square_in_a_square, layout_basic
D:2:      kennysheep_six_static_rooms, layout_loops_ring,
          ebering_ecumenical_altar_mist
D:3:      wander_river, layout_rooms, mainiacjoe_overflow_large_starburst,
          gammafunk_temple_overflow_pools, gup_sewer_entry_bowl, serial_shops,
          nicolae_shop_tiny_statue_garden, nicolae_underground_beach
Sewer:    sewer_frog_island_01

Skill      XL: |  1  2  3 |
---------------+----------+-----
Dodging        | 3 |  3.2
Long Blades    | 3 |  3.0
Fighting       | |  3.9
Stealth        | |  0.4
Shields        | |  3.3

Action                     |  1- 3 |  4- 6 || total
---------------------------+-------+-------++-------
  Melee: Long sword        |   127 |    54 ||   181
         Tailslap          |    11 |     3 ||    14
 Invoke: Heroism           |       |     2 ||     2
    Use: Potion            |     7 |       ||     7
         Scroll            |     6 |       ||     6
   Stab: Sleeping          |     1 |       ||     1
 Armour: Skin              |    51 |    38 ||    89
  Dodge: Dodged            |    83 |    82 ||   165
  Block: Buckler           |    35 |    40 ||    75
